 Dungeon Crawl Stone Soup version 0.29-a0-582-ge82337ba6a (webtiles) character file.

Game seed: 8410421792928192496

237361 testman the Slayer (level 20, -3/180 HPs)
             Began as a Meteoran Fighter on June 14, 2022.
             Was the Champion of Hepliaklqana.
             Slain by a war gargoyle
             ... wielding a +2 morningstar of protection
             ... led by a peacekeeper
              (13 damage)
             ... on level 2 of the Vaults.
             The game lasted 03:14:08 (16602 turns).

testman the Slayer (Meteoran Fighter)              Turns: 16602, Time: 03:14:08

Health: -3/180     AC: 30    Str: 33    XL:     20   Next: 81%
Magic:  0/34       EV: 11    Int: 21    God:    Hepliaklqana [******]
Gold:   717        SH:  0    Dex: 15    Spells: 13/29 levels left

rFire   . . .      SeeInvis .   w - +6 executioner's axe (flame)
rCold   + . .      Faith    .   (shield currently unavailable)
rNeg    + . .      Spirit   +   s - quicksilver dragon scales
rPois   +          Reflect  .   O - +2 helmet {Int+3}
rElec   .          Harm     .   p - +2 cloak
rCorr   .          Rampage  .   t - +1 pair of gloves of Kyrac {Str+3}
Will    +++..                   M - +2 pair of boots
Stlth   +.........              U - amulet of guardian spirit
HPRegen 0.40/turn               Y - ring "Cucw" {Str+6 Int+6}
MPRegen 0.24/turn               N - ring "Zineytue" {*Slow rPois rC+ rN+}

@: sluggish, glowing, very slow
A: reduced essence, sense surroundings 3, otherworldly, glowing, explore regen
}: 2/15 runes: decaying, serpentine
a: Renounce Religion, Recall Ancestor, Ancestor Identity, Transference, Idealise


You were on level 2 of the Vaults.
You worshipped Hepliaklqana.
Hepliaklqana was exalted by your worship.
You visited 6 branches of the dungeon, and saw 31 of its levels.
You also visited: Bailey, Gauntlet and Ice Cave.

You collected 3021 gold pieces.
You spent 2304 gold pieces at shops.

Inventory:

Hand Weapons
 w - a +6 executioner's axe of flaming (weapon)
Missiles
 d - 4 curare-tipped darts
 l - a silver boomerang
 o - 44 poisoned darts (quivered)
 q - 16 javelins
 D - 2 silver javelins
 E - 23 boomerangs
 I - 2 throwing nets
Armour
 p - a +2 cloak (worn)
 s - quicksilver dragon scales (worn)
 t - the +1 pair of gloves of Kyrac (worn) {Str+3}
   (You bought it in a shop on level 2 of the Orcish Mines)

   Str:       It affects your strength (+3).
 M - a +2 pair of boots (worn)
 O - a +2 helmet of intelligence (worn)
Jewellery
 G - the amulet "Luoch" {Acrobat Int+5}
   (You took it off a vault warden on level 1 of the Vaults)

   [amulet of the acrobat]

   It increases your evasion while moving and waiting.
   Int:       It affects your intelligence (+5).
 L - a ring of ice
 N - the ring "Zineytue" (right hand) {*Slow rPois rC+ rN+}
   (You found it in an ice cave)

   [ring of positive energy]

   rC:        It protects you from cold.
   rPois:     It protects you from poison.
   rN:        It protects you from negative energy.
   *Slow:     It may slow you when you take damage.
 U - an amulet of guardian spirit (around neck)
 X - a ring of fire
 Y - the ring "Cucw" (left hand) {Str+6 Int+6}
   (You found it in a Gauntlet)

   [ring of intelligence]

   Str:       It affects your strength (+6).
   Int:       It affects your intelligence (+6).
Wands
 f - a wand of flame (47)
 j - a wand of charming (15)
 m - a wand of polymorph (22)
 v - a wand of acid (19)
 H - a wand of iceblast (24)
 J - a wand of paralysis (31)
 T - a wand of digging (8)
Scrolls
 g - 3 scrolls of fog
 h - 12 scrolls of teleportation
 k - a scroll of brand weapon
 r - a scroll of silence {unknown}
 K - a scroll of magic mapping
 Q - a scroll of amnesia
 S - 2 scrolls of fear
 W - 10 scrolls of identify
 Z - 3 scrolls of poison
Potions
 b - 2 potions of magic
 c - a potion of heal wounds
 e - 10 potions of curing
 i - a potion of might
 n - 5 potions of cancellation
 x - 9 potions of brilliance
 z - 5 potions of berserk rage
 A - 2 potions of mutation
 B - 3 potions of haste
 C - 3 potions of resistance
 F - a potion of ambrosia
 R - 2 potions of flight
Miscellaneous
 a - a piece from Xom's chessboard (15/15)
 y - a phantom mirror
 P - a condenser vane


   Skills:
 + Level 22.0 Fighting
 + Level 21.3 Axes
 + Level 18.4 Armour
 - Level 4.0 Shields
 - Level 5.0 Spellcasting
 - Level 9.0 Translocations
 - Level 4.0 Air Magic
 + Level 18.5 Invocations
 - Level 5.0 Evocations


You had 13 spell levels left.
You knew the following spells:

 Your Spells              Type           Power      Damage    Failure   Level
b - Blink                 Tloc           86%        N/A       1%          2
c - Swiftness             Air            22%        N/A       8%          3
d - Gell's Gravitas       Tloc           43%        N/A       1%          3
e - Lesser Beckoning      Tloc           43%        N/A       1%          3
f - Manifold Assault      Tloc           43%        N/A       9%          5

Your spell library contained the following spells:

 Spells                   Type           Power      Damage    Failure   Level
 Shock                    Conj/Air       52%        1d6       6%          1
 Portal Projectile        Hex/Tloc       48%        N/A       6%          3
 Static Discharge         Conj/Air       13%        N/A       9%          2
 Foxfire                  Conj/Fire      20%        2x1d5     13%         1
 Magic Dart               Conj           20%        1d4       13%         1
 Call Imp                 Summ           5%         N/A       21%         2
 Passwall                 Tmut/Erth      4%         N/A       21%         2
 Mephitic Cloud           Conj/Pois/Air  10%        N/A       24%         3
 Airstrike                Air            11%        N/A       26%         4
 Ozocubu's Armour         Ice            5%         N/A       36%         3
 Summon Guardian Golem    Hex/Summ       5%         N/A       36%         3
 Tukima's Dance           Hex            5%         N/A       36%         3
 Lightning Bolt           Conj/Air       6%         1d18      85%         5
 Alistair's Intoxication  Tmut/Pois      3%         N/A       98%         5
 Blade Hands              Tmut           2%         N/A       98%         5
 Fireball                 Conj/Fire      2%         3d4       98%         5
 Starburst                Conj/Fire      2%         6d3       100%        6
 Malign Gateway           Summ/Tloc      12%        N/A       100%        7
 Orb of Destruction       Conj           2%         9d5       100%        7
 Ozocubu's Refrigeration  Ice            2%         4d5       100%        7
 Spellforged Servitor     Conj/Summ      2%         N/A       100%        7
 Storm Form               Tmut/Air       6%         N/A       100%        7
 Ignition                 Fire           2%         3d3       100%        8
 Maxwell's Capacitive Co  Air            11%        ∞         100%        8


Dungeon Overview and Level Annotations

Branches:
Dungeon (13/15)            Temple (0/1) D:7            Lair (6/6) D:8
  Swamp (4/4) Lair:4        Snake (4/4) Lair:3        Slime (0/5) Lair:6
    Orc (2/2) D:10            Elf (0/3) Orc:2        Vaults (2/5) D:13
 Bailey (visited)           IceCv (visited)         Gauntlet (visited)
  Crypt: Vaults:2-3

Altars:
Ashenzari
Dithmenos
Hepliaklqana
Trog
Vehumet
Wu Jian
The Shining One
Beogh
Jiyva

Shops:
Orc:2 :*[(   Snake:1 *:   Snake:4 ![[?:*   Vaults:1 *

Portals:
Trove: D:10 (give 13 scrolls of teleportation)

Annotations:
Swamp:3 3 runed translucent doors, Bai Suzhen; Juvaocw's ghost, adept DjGl; snackwell's ghost, journeyman SpEn
Snake:3 Kirke


Innate Abilities, Weirdness & Mutations

Your life essence is reduced to manifest your ancestor. (-10% HP)
You passively map a large area around you.
You are easily found by Zot.
You glow in the dark.
You regain HP and MP as you explore.


Message History

The wizard flickers and vanishes!
Deactivating autopickup; reactivate with Ctrl-A.
The vault sentinel blows a loud note on a signal horn!
The crystal guardian fires a crystalline bolt at you.
The crystal bolt burns Zolin!!
Zolin resists.
The crystal bolt burns you!!!
You hear a shout!
Zolin gestures at the crystal guardian while chanting.
The bolt of magma hits the crystal guardian!
The crystal guardian partially resists.
The war gargoyle completely misses Zolin.
Zolin casts a spell.
Zolin seems to speed up.
The war gargoyle launches metal splinters at you.
The spray of metal splinters hits Zolin!!!
Casting: Manifold Assault (mildly dangerous; 9% risk of failure)
Confirm with . or Enter, or press ? or * to list all spells.
You feel quick.
Zolin gestures at the war gargoyle while chanting.
The stone arrow hits the war gargoyle but does no damage.
The war gargoyle hits Zolin with a +2 morningstar of protection!!
Zolin is destroyed!
The crystal guardian fires a crystalline bolt at you.
The crystal bolt burns you!
* * * LOW HITPOINT WARNING * * *
You start to feel a little slower.
You feel sluggish.
The war gargoyle launches metal splinters at you.
The spray of metal splinters hits you but does no damage.
There is an open door here.
The war gargoyle launches metal splinters at you.
The spray of metal splinters hits you.
* * * LOW HITPOINT WARNING * * *
The war gargoyle launches metal splinters at you.
The spray of metal splinters hits you!!!
* * * LOW HITPOINT WARNING * * *
There is a stone staircase leading up, spattered with blood here.
The war gargoyle hits you with a +2 morningstar of protection!
You die...

#....# ,, #....# *,,, #u...#
, ##* #....# , #.### #9...#
*, , #...### #....# ,
#.....####....# ,,
####......')...# * *
#..'...@9u#....# ,
####...[..#....#
#.....####....# *, #...###
#....# * #.### #....#
####################....####
*
.............................
.............................
######.###########......#####
*


You could see a green ugly thing and a war gargoyle.

Vanquished Creatures
  Mennas (Vaults:2)
  Vashnia (Snake:4)
  2 tentacled monstrosities
  Jorgrun (Snake:2)
  A fenstrider witch (Swamp:4)
  6 nagarajas (Snake:4)
  3 vault wardens (Vaults:1)
  A ghoul (Swamp:4)
  2 ironbound preservers
  An ironbound thunderhulk (Vaults:2)
  3 eleionomae
  Azrael (D:12)
  2 bunyips
  A minotaur (Gauntlet)
  An entropy weaver (Vaults:1)
  Snorg (Lair:3)
  Josephine (D:10)
  A deep elf high priest (Vaults:1)
  2 shambling mangroves
  Fannar (D:11)
  An ice dragon (IceCv)
  A yaktaur captain (Vaults:1)
  A spriggan air mage (Swamp:3)
  Erolcha (D:10)
  A salamander tyrant (Snake:4)
  17 hydras
  2 ghost crabs (Swamp:4)
  Harold (D:10)
  A peacekeeper (Vaults:2)
  3 boulder beetles
  8 anacondas
  2 two-headed ogres (D:9)
  9 naga warriors
  3 alligators
  3 death yaks (Gauntlet)
  2 tengu warriors (D:13)
  5 orc high priests
  4 shock serpents
  14 naga sharpshooters
  3 salamander mystics
  2 goliath frogs
  8 swamp dragons
  4 spriggan druids
  12 deep trolls (Vaults:1)
  3 sea snakes (Snake:3)
  4 naga ritualists
  3 harpies (Vaults:1)
  3 bog bodies
  An ironbound convoker (Vaults:1)
  A phantasmal warrior (Vaults:1)
  3 orc knights (Orc:2)
  A deep elf pyromancer (D:13)
  2 necromancers (Gauntlet)
  An ugly thing (D:10)
  2 mana vipers (Snake:2)
  An orc sorcerer (Orc:2)
  2 cyclopes
  A manticore (D:13)
  3 spectral centaurs (D:10)
  6 salamanders
  4 elephants
  A centaur zombie (D:10)
  23 black mambas
  2 guardian serpents (Snake:4)
  4 naga magi
  An ice statue (IceCv)
  4 vault sentinels
  A torpor snail (Lair:3)
  A gargoyle (D:13)
  11 cane toads
  Maggie (D:8)
  3 rime drakes
  A kobold demonologist (D:9)
  5 komodo dragons
  5 yaktaurs (Vaults:1)
  6 hornets
  2 trolls (D:10)
  Grinder (D:4)
  15 slime creatures
  7 tyrant leeches
  3 polar bears
  21 blink frogs
  A meliai zombie (D:10)
  A vampire (D:13)
  A culicivora (shapeshifter) (D:13)
  6 spriggans
  Sigmund (D:3)
  27 yaks
  6 wraiths
  3 wyverns
  A hog (Snake:4)
  A basilisk (D:10)
  A fire elemental (D:12)
  A vampire mosquito (Lair:6)
  28 nagas
  7 swamp worms
  A warg (Orc:1)
  11 water moccasins
  28 orc warriors
  7 swamp drakes
  2 sky beasts (D:6)
  A black bear (Lair:3)
  4 ogres
  2 centaurs
  2 phantoms
  14 wolves
  A kobold brigand (D:9)
  11 bullfrogs
  3 necrophages
  3 scorpions
  3 killer bees (D:9)
  2 lindwurm simulacra (IceCv)
  An electric eel (Lair:6)
  2 howler monkeys
  3 komodo dragon simulacra (IceCv)
  7 hounds
  A jelly (D:4)
  17 orc priests
  A gnoll shaman (D:10)
  4 iguanas
  Jessica (D:2)
  Natasha (D:4)
  10 orc wizards
  4 gnolls
  8 acid dragon simulacra (IceCv)
  10 adders
  2 shadow imps (D:6)
  5 white imps
  An ufetubus (D:7)
  4 steam dragon simulacra (IceCv)
  A dart slug (D:1)
  A worm (D:3)
  68 orcs
  7 endoplasms
  5 giant cockroaches
  11 goblins
  A hobgoblin (D:3)
  10 jackals
  4 quokkas
  7 ball pythons
  A bat (D:1)
  5 frilled lizards
  6 kobolds
  5 rats
694 creatures vanquished.

Vanquished Creatures (collateral kills)
  Mlioglotl (Swamp:3)
  The ghost of Xonepos the Protected, an adept MiFi of Yredelemnul (Swamp:2)
  6 nagarajas
  An orc warlord (Orc:2)
  Aizul (Snake:1)
  A ghoul (Swamp:4)
  3 ironbound preservers (Vaults:1)
  4 eleionomae
  A bunyip (Swamp:2)
  A great orb of eyes (Vaults:2)
  4 hydras
  A spriggan air mage (Swamp:3)
  A ghost crab (Swamp:4)
  2 boulder beetles
  5 naga warriors
  The ghost of pigah the Zephyrmancer, a journeyman OpAE of Gozag (D:10)
  2 anacondas (Snake:4)
  An alligator (Swamp:3)
  A spriggan berserker (Swamp:4)
  An orc high priest (Orc:1)
  3 death yaks
  3 naga sharpshooters
  4 spriggans
  Sonja (D:11)
  A salamander mystic (Snake:4)
  3 naga ritualists (Snake:4)
  2 spriggan druids
  A goliath frog (Swamp:3)
  5 deep trolls (Vaults:1)
  2 swamp dragons (Swamp:4)
  2 bog bodies
  A harpy (Vaults:1)
  2 orc knights (Orc:2)
  An ironbound convoker (Vaults:2)
  A deep elf pyromancer (D:13)
  2 orc sorcerers (Orc:2)
  5 salamanders
  An ugly thing (D:12)
  4 will-o-the-wisps
  A cyclops (D:11)
  A torpor snail (shapeshifter) (Vaults:1)
  2 elephants (Lair:6)
  10 black mambas
  7 cane toads
  7 naga magi
  An ice statue (IceCv)
  2 guardian serpents
  2 yaktaurs (Vaults:1)
  3 rime drakes (IceCv)
  An efreet (D:13)
  3 komodo dragons
  4 hornets
  An ice devil (Gauntlet)
  4 tyrant leeches
  6 slime creatures
  11 blink frogs
  A meliai zombie (D:10)
  A wyvern (D:8)
  16 yaks
  2 fire elementals (D:12)
  Grum (D:9)
  2 redbacks (Vaults:1)
  2 basilisks (Lair:6)
  A steam dragon (D:8)
  4 vampire mosquitoes (Lair:6)
  4 swamp worms
  A warg (Orc:1)
  An acid dragon (D:10)
  16 nagas
  2 hell hounds (D:12)
  5 water moccasins
  11 orc warriors
  4 swamp drakes
  A black bear (shapeshifter) (D:13)
  2 sky beasts
  5 ogres
  7 wolves
  2 centaurs (D:9)
  6 bullfrogs
  A necrophage (D:7)
  3 killer bees (D:9)
  A lindwurm simulacrum (IceCv)
  An electric eel (Lair:6)
  A howler monkey (D:8)
  2 komodo dragon simulacra (IceCv)
  6 orc priests
  17 orc wizards
  7 gnolls
  A white imp (Gauntlet)
  A steam dragon simulacrum (IceCv)
  33 orcs
  A goblin (D:9)
  3 kobolds (D:9)
  A bush (Lair:6)
325 creatures vanquished.

Vanquished Creatures (others)
  A bloated husk (Swamp:2)
  A spriggan (Swamp:4)
  2 swamp worms (Swamp:4)
  A swamp drake (Swamp:4)
  22 battlemagi
  2 orcs (D:8)
  23 foxfires
  27 fungi
  89 plants
  3 withered plants (Swamp:3)
171 creatures vanquished.

Grand Total: 1190 creatures vanquished

Notes
Turn   | Place    | Note
-------+----------+-------------------------------------------
     0 | D:1      | testman the Meteoran Fighter began the quest for the Orb.
     0 | D:1      | Reached XP level 1. HP: 19/19 MP: 2/2
    42 | D:1      | Found a faded altar of an unknown god.
    53 | D:1      | Prayed at the altar of an unknown god.
    53 | D:1      | Became a worshipper of Vehumet
    53 | D:1      | Reached * piety under Vehumet
    53 | D:1      | Offered knowledge of Foxfire by Vehumet.
    61 | D:1      | Reached XP level 2. HP: 23/26 MP: 3/3
    67 | D:1      | Learned a level 1 spell: Foxfire
   368 | D:1      | Reached XP level 3. HP: 31/31 MP: 4/4
   473 | D:2      | You fall into a shaft and drop 2 floors!
   512 | D:4      | Reached skill level 4 in Fighting
   512 | D:4      | Reached XP level 4. HP: 34/40 MP: 5/5
   562 | D:4      | Noticed Grinder
   645 | D:4      | Noticed Natasha
   651 | D:4      | Killed Natasha
   652 | D:4      | Reached XP level 5. HP: 41/47 MP: 6/6
   788 | D:4      | Killed Grinder
   788 | D:4      | Reached ** piety under Vehumet
   788 | D:4      | Offered knowledge of Shock by Vehumet.
   789 | D:4      | Reached skill level 5 in Fighting
   789 | D:4      | Reached skill level 5 in Axes
   789 | D:4      | Reached XP level 6. HP: 37/57 MP: 7/7
   789 | D:4      | Reached XP level 7. HP: 40/62 MP: 8/8
  1020 | D:3      | Noticed Sigmund
  1048 | D:3      | Killed Sigmund
  1049 | D:3      | Reached skill level 6 in Fighting
  1099 | D:2      | Noticed Jessica
  1105 | D:2      | Killed Jessica
  1274 | D:5      | Entered Level 5 of the Dungeon
  1281 | D:5      | Reached XP level 8. HP: 71/71 MP: 9/9
  1307 | D:5      | Learned a level 2 spell: Blink
  1329 | D:5      | Noticed a yak
  1329 | D:5      | Noticed a yak
  1329 | D:5      | Noticed a yak
  1329 | D:5      | Noticed a yak
  1329 | D:5      | Noticed a yak
  1333 | D:5      | Noticed a yak
  1335 | D:5      | Killed a yak
  1336 | D:5      | Reached skill level 7 in Fighting
  1347 | D:5      | Killed a yak
  1352 | D:5      | Killed a yak
  1357 | D:5      | Killed a yak
  1358 | D:5      | Reached skill level 8 in Fighting
  1358 | D:5      | Gained mutation: You passively map the area around you.
                  | [Meteoran growth]
  1358 | D:5      | Reached XP level 9. HP: 34/81 MP: 10/10
  1377 | D:5      | Offered knowledge of Conjure Flame by Vehumet.
  1378 | D:5      | Reached skill level 9 in Fighting
  1414 | D:5      | Reached *** piety under Vehumet
  1442 | D:5      | Reached skill level 10 in Axes
  1594 | D:5      | Found a shadowy altar of Dithmenos.
  1607 | D:5      | Found a hazy altar of Hepliaklqana.
  1611 | D:5      | Fell from the grace of Vehumet
  1611 | D:5      | Became a worshipper of Hepliaklqana the Forgotten
  2037 | D:5      | Reached skill level 10 in Fighting
  2037 | D:5      | Reached XP level 10. HP: 82/93 MP: 11/11
  2402 | D:6      | Found a glowing golden altar of the Shining One.
  2649 | D:7      | Found a broken altar of Ashenzari.
  2657 | D:7      | Reached * piety under Hepliaklqana
  2684 | D:7      | Found a staircase to the Ecumenical Temple.
  2784 | D:7      | Reached skill level 11 in Fighting
  3219 | D:8      | Noticed Maggie
  3268 | D:8      | Found a staircase to the Lair.
  3430 | D:8      | Reached ** piety under Hepliaklqana
  3431 | D:8      | Remembered your ancestor Zolin as a battlemage
  3444 | D:8      | Killed Maggie
  3679 | D:9      | Found a radiant altar of Vehumet.
  3689 | D:9      | Reached XP level 11. HP: 93/93 MP: 12/12
  3729 | D:9      | Found a flagged portal.
  3734 | D:9      | Reached skill level 12 in Fighting
  3742 | Bailey   | Entered a bailey
  4169 | D:9      | Acquired a +1 executioner's axe of draining
  4227 | D:9      | Noticed Grum
  4234 | D:9      | Reached skill level 5 in Armour
  4236 | D:9      | Killed Grum
  4475 | D:9      | Noticed a two-headed ogre
  4480 | D:9      | Killed a two-headed ogre
  4481 | D:9      | Reached skill level 1 in Translocations
  4494 | D:9      | Noticed a two-headed ogre
  4497 | D:9      | Killed a two-headed ogre
  4597 | D:10     | Entered Level 10 of the Dungeon
  4597 | D:10     | Reached *** piety under Hepliaklqana
  4625 | D:10     | Found a staircase to the Orcish Mines.
  4636 | D:10     | Found a runed translucent gate.
  4636 | D:10     | Found a runed translucent gate.
  4636 | D:10     | Found a runed translucent gate.
  4636 | D:10     | Noticed pigah's ghost (journeyman OpAE)
  4658 | D:10     | Noticed a green ugly thing
  4664 | D:10     | Killed a green ugly thing
  4728 | D:10     | Found a portal to a secret trove of treasure.
  4831 | D:10     | Noticed Harold
  4839 | D:10     | Killed Harold
  5027 | D:10     | Noticed Josephine
  5030 | D:10     | Reached XP level 12. HP: 101/101 MP: 13/13
  5031 | D:10     | Reached skill level 13 in Fighting
  5031 | D:10     | Reached skill level 1 in Invocations
  5037 | D:10     | Killed Josephine
  5055 | D:10     | Noticed Erolcha
  5063 | D:10     | Killed Erolcha
  5120 | D:11     | Noticed Sonja
  5120 | D:11     | Noticed a boulder beetle
  5122 | D:11     | Noticed Fannar
  5236 | Lair:1   | Entered Level 1 of the Lair of Beasts
  5322 | Lair:1   | Noticed a seven-headed hydra
  5329 | Lair:1   | Killed a three-headed hydra
  5350 | Lair:1   | Reached **** piety under Hepliaklqana
  5607 | Lair:2   | HP: 5/103 [cane toad (14)]
  5727 | Lair:2   | Noticed a four-headed hydra
  5735 | Lair:2   | Killed a one-headed hydra
  5736 | Lair:2   | Reached skill level 5 in Invocations
  5954 | Lair:2   | Reached XP level 13. HP: 110/110 MP: 18/18
  6081 | Lair:3   | Was forgiven by Vehumet
  6092 | Lair:3   | Found a staircase to the Snake Pit.
  6121 | Lair:3   | Reached skill level 14 in Fighting
  6168 | Lair:3   | Reached skill level 15 in Axes
  6187 | Lair:3   | Noticed Snorg
  6199 | Lair:3   | Killed Snorg
  6200 | Lair:3   | Reached skill level 10 in Armour
  6512 | Lair:4   | Reached ***** piety under Hepliaklqana
  6707 | Lair:4   | Found a staircase to the Swamp.
  7051 | Lair:5   | Noticed a boulder beetle
  7059 | Lair:5   | Killed a boulder beetle
  7212 | Lair:5   | Reached XP level 14. HP: 102/119 MP: 21/21
  7223 | Lair:6   | Entered Level 6 of the Lair of Beasts
  7223 | Lair:6   | Found a staircase to the Slime Pits.
  7236 | Lair:6   | Found a viscous altar of Jiyva.
  7312 | Lair:6   | Reached skill level 15 in Fighting
  7430 | Lair:6   | Reached skill level 10 in Invocations
  7952 | Lair:6   | Identified the +2 chain mail "Felliuh" {rElec rPois rCorr
                  | Str-4}
  7961 | Lair:6   | Got Uleumeas's Compendium of Mutagenic Translocation
  7969 | Lair:6   | Got the Disquisition on Displaced Poisoning
  8241 | Orc:1    | Entered Level 1 of the Orcish Mines
  8255 | Orc:1    | Found a bloodstained altar of Trog.
  8454 | Orc:1    | Reached XP level 15. HP: 122/128 MP: 19/24
  8590 | Orc:2    | Entered Level 2 of the Orcish Mines
  8594 | Orc:2    | Found a staircase to the Elven Halls.
  8608 | Orc:2    | Found a frozen archway.
  8624 | IceCv    | Entered an ice cave
  8829 | IceCv    | Reached skill level 16 in Fighting
  8859 | IceCv    | Identified the ring "Zineytue" {*Slow rPois rC+ rN+}
  8966 | Orc:2    | Found a gate leading to a gauntlet.
  8976 | Gauntlet | Entered a Gauntlet
  8976 | Gauntlet | Found a transporter.
  8976 | Gauntlet | Found a transporter.
  8979 | Gauntlet | Found a transporter.
  8982 | Gauntlet | Found a transporter.
  8983 | Gauntlet | Found a transporter.
  8983 | Gauntlet | Found a transporter.
  9012 | Gauntlet | Found a transporter.
  9015 | Gauntlet | Found a transporter.
  9019 | Gauntlet | Found a runed translucent door.
  9023 | Gauntlet | Found a runed translucent door.
  9026 | Gauntlet | Found a transporter.
  9042 | Gauntlet | Found a transporter.
  9056 | Gauntlet | Found a transporter.
  9060 | Gauntlet | Found a transporter.
  9109 | Gauntlet | Identified the +1 robe of Cewkorchi {Int+4 Dex-2}
  9204 | Gauntlet | Identified the +3 plate armour of Zeuralot {Int+4 Dex+7
                  | Slay-4}
  9205 | Gauntlet | Identified the ring "Cucw" {Str+6 Int+6}
  9231 | Gauntlet | Identified the +9 great mace of Sudden Death {vorpal, rElec
                  | rC+ rCorr}
  9280 | Gauntlet | Identified the +0 leather armour of a treasure trove {Int+3
                  | Dex-5 Slay+3}
  9707 | Orc:2    | Noticed an orc warlord
  9719 | Orc:2    | Killed an orc warlord
 10095 | Orc:2    | Found Bemi Tual's Antique Armour Shoppe.
 10096 | Orc:2    | Found Qaxantu's Antique Weapon Emporium.
 10099 | Orc:2    | Found Idaf's General Store.
 10099 | Orc:2    | Found Fufod's Book Shoppe.
 10154 | Orc:2    | Bought a scroll of teleportation for 36 gold pieces
 10154 | Orc:2    | Bought the +1 pair of gloves of Kyrac {Str+3} for 273 gold
                  | pieces
 10154 | Orc:2    | Bought a scroll of identify for 24 gold pieces
 10156 | Orc:2    | Bought a manual of Fighting for 880 gold pieces
 10180 | Orc:2    | Glimpsed the power of Zot.
 10229 | Orc:1    | Glimpsed the power of Zot.
 10261 | D:10     | Killed pigah's ghost
 10262 | D:10     | Reached skill level 1 in Spellcasting
 10262 | D:10     | Reached XP level 16. HP: 117/136 MP: 22/26
 10427 | Swamp:1  | Entered Level 1 of the Swamp
 10558 | Swamp:1  | You fall into a shaft and drop 1 floor!
 10565 | Swamp:2  | Reached skill level 17 in Fighting
 10630 | Swamp:2  | Noticed a tentacled monstrosity
 10636 | Swamp:2  | Killed a tentacled monstrosity
 10651 | Swamp:2  | Found a large runed translucent door.
 10651 | Swamp:2  | Found a large runed translucent door.
 10655 | Swamp:2  | Noticed Xonepos's ghost (adept MiFi)
 10814 | Swamp:3  | Noticed Bai Suzhen
 11091 | Swamp:3  | Noticed Mlioglotl
 11096 | Swamp:3  | Killed Mlioglotl
 11097 | Swamp:3  | Reached skill level 18 in Fighting
 11099 | Swamp:3  | Found an ornate altar of the Wu Jian Council.
 11151 | Swamp:4  | Entered Level 4 of the Swamp
 11185 | Swamp:4  | Reached skill level 15 in Armour
 11217 | Swamp:3  | Reached XP level 17. HP: 27/148 MP: 11/28
 11386 | Swamp:3  | Noticed a tentacled monstrosity
 11391 | Swamp:3  | Killed a tentacled monstrosity
 11452 | Swamp:3  | Found a runed translucent gate.
 11454 | Swamp:3  | Found a runed translucent gate.
 11455 | Swamp:3  | Found a runed translucent gate.
 11456 | Swamp:3  | Noticed Juvaocw's ghost (adept DjGl)
 11457 | Swamp:3  | Noticed snackwell's ghost (journeyman SpEn)
 11491 | Swamp:4  | Reached skill level 1 in Evocations
 11497 | Swamp:4  | Reached skill level 15 in Invocations
 11590 | Swamp:4  | Got a decaying rune of Zot
 11687 | Swamp:4  | Reached skill level 19 in Fighting
 11902 | Swamp:4  | Noticed a fenstrider witch
 11908 | Swamp:4  | Killed a fenstrider witch
 11997 | Swamp:2  | Killed Xonepos's ghost
 12521 | Swamp:1  | Glimpsed the power of Zot.
 12568 | Swamp:1  | Glimpsed the power of Zot.
 12659 | Snake:1  | Entered Level 1 of the Snake Pit
 12743 | Snake:1  | Gained mutation: You passively map a large area around you.
                  | [Meteoran growth]
 12743 | Snake:1  | Reached XP level 18. HP: 137/158 MP: 25/30
 12763 | Snake:1  | Found Esinyfis's Book Emporium.
 12763 | Snake:1  | Found Miym's Assorted Antiques.
 12790 | Snake:1  | Bought a scroll of blinking for 262 gold pieces
 12790 | Snake:1  | Bought a scroll of teleportation for 105 gold pieces
 12790 | Snake:1  | Bought a potion of heal wounds for 175 gold pieces
 12847 | Snake:1  | Learned a level 3 spell: Swiftness
 12851 | Snake:1  | Learned a level 3 spell: Gell's Gravitas
 12855 | Snake:1  | Learned a level 3 spell: Lesser Beckoning
 12861 | Snake:1  | Learned a level 5 spell: Manifold Assault
 12916 | Snake:1  | Noticed Aizul
 12928 | Snake:1  | Killed Aizul
 12977 | Snake:1  | Reached skill level 5 in Evocations
 13004 | Snake:1  | Reached skill level 1 in Air Magic
 13042 | Snake:2  | Identified the +0 tower shield "Follugroapt" {rF+ Int+2
                  | Dex-3}
 13080 | Snake:2  | Noticed Jorgrun
 13085 | Snake:2  | Killed Jorgrun
 13103 | Snake:2  | Reached skill level 5 in Translocations
 13216 | Snake:1  | Reached skill level 20 in Fighting
 13557 | Snake:3  | Reached ****** piety under Hepliaklqana
 13661 | Snake:4  | Entered Level 4 of the Snake Pit
 13661 | Snake:4  | Found Douc's Book Shop.
 13723 | Snake:4  | Found Quuwyff's Magic Scroll Boutique.
 13733 | Snake:4  | Bought a scroll of fear for 52 gold pieces
 13733 | Snake:4  | Bought a scroll of enchant armour for 112 gold pieces
 13733 | Snake:4  | Found Orydesoa's General Store.
 13737 | Snake:4  | Bought a scroll of enchant weapon for 165 gold pieces
 13737 | Snake:4  | Bought 2 potions of heal wounds for 220 gold pieces
 13951 | Snake:4  | Reached XP level 19. HP: 112/168 MP: 23/32
 14043 | Snake:4  | Found Sivofoi's Distillery.
 14099 | Snake:4  | Found Yshratutu's Antique Armour Shoppe.
 14226 | Snake:4  | HP: 5/169 [nagaraja/+0 falchion (10)]
 14447 | Snake:4  | Reached skill level 21 in Fighting
 14510 | Snake:4  | Noticed Vashnia
 14601 | Snake:4  | Killed Vashnia
 14636 | Snake:4  | Found Dacoyrch's Armour Boutique.
 14756 | Snake:4  | Got a serpentine rune of Zot
 14986 | Snake:3  | Noticed Kirke
 14988 | Snake:4  | Glimpsed the power of Zot.
 15038 | Snake:3  | Glimpsed the power of Zot.
 15078 | Snake:1  | Glimpsed the power of Zot.
 15090 | Snake:1  | Glimpsed the power of Zot.
 15091 | Snake:1  | Touched by the power of Zot.
 15283 | D:11     | Reached skill level 5 in Spellcasting
 15316 | D:11     | Killed Fannar
 15322 | D:11     | Killed Sonja
 15534 | D:12     | Noticed Azrael
 15538 | D:12     | Killed Azrael
 15792 | D:13     | Reached XP level 20. HP: 131/151 MP: 30/33
 15831 | D:13     | Found a gate to the Vaults.
 15867 | Vaults:1 | Entered Level 1 of the Vaults
 16049 | Vaults:1 | Found Reulonk's General Store.
 16182 | Vaults:1 | Found the +0 staff of Battle
 16183 | Vaults:1 | Identified the amulet "Luoch" {Acrobat Int+5}
 16404 | Vaults:2 | Noticed Mennas
 16449 | Vaults:2 | Killed Mennas
 16564 | Vaults:2 | Reached skill level 22 in Fighting
 16602 | Vaults:2 | Slain by a war gargoyle

Illustrated notes

Levels and vault maps discovered:
D:1:      noname_arrival_rooms_in_the_neighbourhood, layout_basic,
          chequers_ecumenical_altar_island, chequers_serial_rivers_large_b,
          wander_ebering_terrifying_dragon_lair
D:2:      layout_rooms, minmay_misc_feat_pillars, uniq_jessica
D:3:      layout_rooms, uniq_sigmund
D:4:      nicolae_cairo_tiling, layout_cave_pools, kennysheep_generic_room_10,
          uniq_grinder, uniq_menkaure, uniq_natasha
D:5:      minmay_chambers_of_threes, layout_layer_cave,
          riverfiend_overflow_shadow_ancestor, chequers_serial_rivers_room_a
D:6:      layout_rooms, mainiacjoe_overflow_chevrons,
          hangedman_abyss_or_decor_jellyfish_corner, lightli_orcish_oven
D:7:      layout_basic, grunt_temple_overflow_bloody_war,
          nicolae_ashenzari_skybound, minmay_temple_entry_statues,
          grunt_ministairs_14, serial_bayou_crossing
D:8:      nicolae_cairo_tiling_large_dashed, layout_rooms, lair_entry_dummy,
          minmay_misc_feat_secret_circle, uniq_maggie
D:9:      layout_small_grid, mainiacjoe_overflow_catwalk, enter_bailey_3,
          kennysheep_generic_room_13, uniq_grum
D:10:     layout_cave_pods, orc_0_dummy, enter_trove_1,
          gammafunk_ghost_necromancy, uniq_harold, uniq_erolcha, uniq_josephine
D:11:     layout_cross, nicolae_ru_the_path_less_chosen, uniq_sonja, uniq_urug,
          uniq_fannar
D:12:     layout_stronghold, serial_shops, shop, nicolae_shop_waterfront,
          uniq_azrael
D:13:     layout_loops_corners, skrybe_vaults_entry_preservation, serial_rivers,
          chequers_serial_rivers_small_b, chequers_serial_rivers_large_a,
          chequers_serial_rivers_micro_a, chequers_serial_rivers_micro_e,
          chequers_serial_rivers_room_b
Lair:1:   layout_regular_city
Lair:2:   layout_chaotic_city
Lair:3:   layout_long_grid, dummy_snake_entry, serial_bayou_shore_b, uniq_snorg
Lair:4:   layout_layer_cave, skrybe_swamp_entry_bodies
Lair:5:   layout_gridlike, serial_bayou, serial_bayou_lagoon_a,
          serial_bayou_pond_e, serial_bayou_lagoon_b, serial_bayou_shore_a,
          serial_bayou_pond_e, serial_bayou_lake_a
Lair:6:   minmay_lair_end_frog_pond, layout_hall_layers, slime_altar_1
Swamp:1:  nicolae_swamp_tree_isthmus, layout_falls_marsh,
          nicolae_swamp_long_stream
Swamp:2:  layout_basic_swamp, ebering_ghost_disaster_area,
          nicolae_swamp_decorative_isthmus, swamp_pool5, nzn_swamp_stair_ambush
Swamp:3:  layout_basic_swamp, gammafunk_ghost_cemetery, lemuel_altar_in_water,
          swamp_pool1, nicolae_swamp_stair_fork, nicolae_swamp_stuck_in_the_mud,
          uniq_mlioglotl, uniq_bai_suzhen
Swamp:4:  swamp, layout_basic_swamp
Snake:1:  layout_rooms, grunt_ministairs_4, minmay_shoptagon, uniq_aizul
Snake:2:  layout_gridlike, uniq_jorgrun
Snake:3:  layout_basic, serial_bayou, serial_bayou_pond_c, serial_bayou_pond_c,
          serial_bayou_pond_e, serial_bayou_shore_b, st_stairs_5,
          grunt_megastairs_5, uniq_kirke
Snake:4:  grunt_snake_rune_serpentine_throne, layout_layer_cave, serial_shops,
          shop, shop_statue, shop, shop, shop, nicolae_snake_magic_snake_eye,
          minmay_shop_star, uniq_roxanne
Orc:1:    layout_caves, basic_altar
Orc:2:    st_orc_congregation, layout_caves, portal_ice_cave_entry_pillars_2,
          basic_altar, gauntlet_entry_generic
Vaults:1: v_rooms_4, v_misc_4, v_misc_5, hangedman_vaults_stretched_pinwheel,
          grunt_vaults_trifunnel, ontoclasm_vaults_eye, v_misc_19, v_misc_30,
          vaults_room_hangedman_quadrants, v_misc_25, grunt_vaults_hallway_long,
          vaults_dpeg_spiral, vaults_dpeg_hooks, vaults_room_door_ring,
          nicolae_vaults_gold_heap, layout_vaults_ring, serial_shops, shop
Vaults:2: grunt_vaults_funnel, v_misc_15, v_misc_13, nicolae_vaults_asterisk,
          nicolae_vaults_windows_and_doors_thing, ontoclasm_vaults_chip,
          minmay_crypt_entry_simple_round, layout_vaults_quadrants, uniq_mennas

Skill      XL: |  1  2  3  4  5  6  7  8  9 10 11 12 13 14 15 16 17 18 19 20 |
---------------+-------------------------------------------------------------+-----
Shields        | 4 |  4.0
Armour         | 4 7 9 11 12 13 15 16 17 18 | 18.4
Axes           | 3 4 5 6 8 10 12 13 14 15 16 17 18 19 20 21 | 21.3
Fighting       | 4 5 6 8 10 11 12 13 14 15 16 18 19 20 21 22 | 22.0
Translocations | 4 6 8 9 |  9.0
Invocations    | 6 9 11 13 14 15 16 17 18 | 18.5
Spellcasting   | 1 4 5 |  5.0
Evocations     | 4 5 |  5.0
Air Magic      | 4 |  4.0

Action                   |  1- 3 |  4- 6 |  7- 9 | 10-12 | 13-15 | 16-18 | 19-21 || total
-------------------------+-------+-------+-------+-------+-------+-------+-------++-------
Melee: War axe           |    51 |    49 |   234 |   200 |       |       |       ||   534
       Executioner's axe |       |       |       |   137 |   474 |   477 |   349 ||  1437
Throw: Javelin           |       |       |     1 |       |     1 |     1 |       ||     3
       Throwing net      |       |       |       |     1 |     1 |       |       ||     2
       Boomerang         |       |       |       |       |       |     3 |       ||     3
 Cast: Blink             |       |       |       |       |       |     2 |       ||     2
       Manifold Assault  |       |       |       |       |       |       |    10 ||    10
       Swiftness         |       |       |       |       |       |       |     5 ||     5
       Gell's Gravitas   |       |       |       |       |       |       |     1 ||     1
Invok: Recall Ancestor   |       |       |       |     3 |     4 |     4 |     2 ||    13
       Ancestor Life: Ba |       |       |       |     1 |       |       |       ||     1
       Ancestor Identity |       |       |       |     1 |       |       |       ||     1
       Idealise          |       |       |       |       |     3 |     2 |     3 ||     8
       Transference      |       |       |       |       |       |     4 |     3 ||     7
Evoke: Wand              |       |       |       |       |       |     1 |       ||     1
  Use: Scroll            |       |     2 |       |    16 |    16 |     8 |     6 ||    48
       Potion            |       |       |     5 |     2 |     2 |     8 |     9 ||    26
 Stab: Distracted        |       |       |       |     8 |    10 |    14 |     9 ||    41
       Held in net/web   |       |       |       |       |     2 |       |       ||     2
       Confused          |       |       |       |       |       |     1 |       ||     1
Armor: Scale mail        |    30 |    20 |    81 |    78 |   159 |       |       ||   368
       Swamp dragon scal |       |       |       |   134 |    22 |       |       ||   156
       Chain mail        |       |       |       |       |    34 |       |       ||    34
       Quicksilver drago |       |       |       |       |    72 |   515 |   239 ||   826
       Ice dragon scales |       |       |       |       |    60 |       |       ||    60
Dodge: Dodged            |    23 |    15 |    73 |   133 |   273 |   256 |   134 ||   907
Block: Buckler           |     8 |    17 |    71 |    51 |       |       |       ||   147

Table legend: (Time is in decaauts)
 A = Elapsed time spent in this place.
 B = Non-inter-level travel time spent in this place.
 C = Inter-level travel time spent in this place.
 D = Time resting spent in this place.
 E = Time spent auto-exploring this place.
 F = Levels seen in this place.
 G = Mean time per level.
                   A        B        C        D        E       F      G
               +--------+--------+--------+--------+--------+-----+--------+
         Total |  16982 |  15329 |   1653 |    319 |   5345 |  34 |  499.5 |
       Dungeon |   6017 |   5507 |    510 |    104 |   2464 |  13 |  462.8 |
          Lair |   3234 |   2882 |    352 |     34 |   1506 |   6 |  539.0 |
         Swamp |   2359 |   2093 |    266 |      0 |    756 |   4 |  589.8 |
     Snake Pit |   2407 |   2174 |    233 |     16 |    490 |   4 |  601.8 |
  Orcish Mines |   1158 |    908 |    250 |     25 |     51 |   2 |  579.0 |
        Vaults |    704 |    664 |     40 |      0 |      0 |   2 |  352.0 |
        Bailey |    422 |    422 |      0 |    140 |     14 |   1 |  422.0 |
      Ice Cave |    318 |    318 |      0 |      0 |     63 |   1 |  318.0 |
      Gauntlet |    359 |    359 |      0 |      0 |      0 |   1 |  359.0 |
               +--------+--------+--------+--------+--------+-----+--------+

Top non-repeatable levels by time:
 Snake:4: 1150 daAuts
    D:10: 943 daAuts
     D:5: 897 daAuts
  Lair:6: 813 daAuts
   Orc:2: 746 daAuts
 Swamp:2: 652 daAuts
     D:7: 641 daAuts
 Swamp:4: 614 daAuts
     D:9: 602 daAuts
 Snake:1: 586 daAuts
 Swamp:3: 564 daAuts
  Lair:5: 534 daAuts
 Swamp:1: 528 daAuts
  Lair:3: 527 daAuts
     D:8: 491 daAuts
